 Dungeon Crawl Stone Soup version 0.30-a0-939-gc8157cb160 (webtiles) character file.

Game seed: 9765534005139356702

31859 arthad the Cleaver (level 13, -1/116 HPs)
             Began as a Minotaur Fighter on Mar 25, 2023.
             Was the Champion of Makhleb.
             Shot with an arrow by a centaur warrior (18 damage)
             ... on level 14 of the Dungeon.
             The game lasted 00:26:29 (13103 turns).

arthad the Cleaver (Minotaur Fighter)              Turns: 13103, Time: 00:26:29

Health: -1/116     AC: 11    Str: 32    XL:     13   Next: 28%
Magic:  17/17      EV: 17    Int:  7    God:    Makhleb [******]
Gold:   1055       SH: 14    Dex: 23    Spells: 12/12 levels left

rFire   + + .      SeeInvis .    T - +7 sceptre of Torment {pain, torment}
rCold   + . .      Faith    .    z - +0 kite shield
rNeg    . . .      Spirit   .    b - +0 scale mail
rPois   +          Reflect  .    (helmet restricted)
rElec   +          Rampage  +    x - scarf "Givep" {shadows, rF+ rCorr Str+3 Dex+2}
rCorr   +                        (no gloves)
Will    +....                    K - +1 pair of boots of Lachrymose Lucidity {Rampage +Blink Int+3 Dex+5}
Stlth   +                        r - amulet of the acrobat
HPRegen 1.19/turn                W - +4 ring of slaying
MPRegen 0.15/turn                P - +6 ring of strength

@: about to teleport, resistant
A: horns 2, retaliatory headbutt, agile 1, strong-willed 1, regeneration 1, wild
magic 1
a: Renounce Religion, Evoke Blink, Minor Destruction, Lesser Servant of Makhleb,
Major Destruction, Greater Servant of Makhleb


You were on level 14 of the Dungeon.
You worshipped Makhleb.
Makhleb was exalted by your worship.
You visited 2 branches of the dungeon, and saw 15 of its levels.
You also visited: Ossuary.

You collected 1055 gold pieces.

Inventory:

Hand Weapons
 a - a +0 broad axe
 c - a +4 scimitar of flaming
 g - a +0 shortbow of freezing
 C - the +3 mace "Cagy" {drain, rC+ rN+ rCorr Int-2 Dex+3}
   (You found it on level 5 of the Dungeon)

   Int:       It affects your intelligence (-2).
   Dex:       It affects your dexterity (+3).
   rC:        It protects you from cold.
   rN:        It protects you from negative energy.
   rCorr:     It protects you from acid and corrosion.
 R - the +6 trident "Xasmowy" {freeze, Dex+3}
   (You found it on level 9 of the Dungeon)

   Dex:       It affects your dexterity (+3).
 T - the +7 sceptre of Torment (weapon) {pain, torment}
   (You found it on level 9 of the Dungeon)
Armour
 b - a +0 scale mail (worn)
 x - the scarf "Givep" (worn) {shadows, rF+ rCorr Str+3 Dex+2}
   (You acquired it on level 8 of the Dungeon)

   Str:       It affects your strength (+3).
   Dex:       It affects your dexterity (+2).
   rF:        It protects you from fire.
   rCorr:     It protects you from acid and corrosion.
 z - a +0 kite shield (worn)
 G - a +2 leather armour of cold resistance
 K - the +1 pair of boots of Lachrymose Lucidity (worn) {Rampage +Blink Int+3 Dex+5}
   (You acquired it on level 8 of the Dungeon)

   Int:       It affects your intelligence (+3).
   Dex:       It affects your dexterity (+5).
   +Blink:    It lets you blink.
   Rampage:   It bestows one free step when moving towards enemies.
 U - the orb of Deam {guile, rC++ Dex+5}
   (You found it on level 9 of the Dungeon)

   Dex:       It affects your dexterity (+5).
   rC:        It greatly protects you from cold.
Jewellery
 e - a ring of protection from fire
 r - an amulet of the acrobat (around neck)
 w - a ring of protection from fire
 y - a ring of see invisible
 P - a +6 ring of strength (right hand)
 V - a +6 ring of intelligence
 W - a +4 ring of slaying (left hand)
Wands
 A - a wand of digging (8)
 M - a wand of charming (19)
 O - a wand of iceblast (9)
 S - a wand of quicksilver (4)
Scrolls
 h - 8 scrolls of identify
 i - 3 scrolls of fear {unknown}
 l - 5 scrolls of noise {unknown}
 m - 2 scrolls of enchant weapon {unknown}
 n - a scroll of enchant armour
 o - 4 scrolls of vulnerability {unknown}
 p - 5 scrolls of teleportation
 s - 2 scrolls of magic mapping
 D - 5 scrolls of amnesia
 E - a scroll of blinking
 H - 2 scrolls of butterflies {unknown}
 J - 4 scrolls of poison {unknown}
 N - 2 scrolls of torment {unknown}
 X - a scroll of fog {unknown}
Potions
 d - a potion of might
 f - 6 potions of ambrosia
 j - 2 potions of curing
 k - 2 potions of mutation
 t - 4 potions of degeneration
 u - 4 potions of attraction
 v - 3 potions of flight
 B - 5 potions of lignification
 F - 2 potions of brilliance {unknown}
 I - 2 potions of cancellation {unknown}
 L - a potion of berserk rage {unknown}
 Q - 2 potions of haste {unknown}


   Skills:
 + Level 11.3 Fighting
 + Level 14.9 Axes
 + Level 0.0(9.6) Maces & Flails
 + Level 11.1 Armour
 + Level 9.6 Dodging
 + Level 11.3 Shields
 + Level 0.0 Necromancy
 + Level 7.9 Invocations


You had 12 spell levels left.
You didn't know any spells.
Your spell library contained the following spells:

 Spells                   Type           Power      Damage    Failure   Level
 Sandblast                Erth           0%         2d4       90%         1
 Shock                    Conj/Air       0%         1d3       90%         1
 Summon Small Mammal      Summ           0%         N/A       90%         1
 Passwall                 Tmut/Erth      0%         N/A       97%         2
 Static Discharge         Conj/Air       0%         2-2/arc   97%         2
 Call Canine Familiar     Summ           0%         N/A       99%         3
 Ozocubu's Armour         Ice            0%         N/A       99%         3
 Portal Projectile        Hex/Tloc       0%         N/A       99%         3
 Stone Arrow              Conj/Erth      0%         3d7       99%         3
 Summon Guardian Golem    Hex/Summ       0%         N/A       99%         3
 Swiftness                Air            0%         N/A       99%         3
 Vhi's Electric Charge    Tloc/Air       0%         N/A       99%         3
 Airstrike                Air            0%         2d(0-16)  100%        4
 Leda's Liquefaction      Hex/Erth       0%         N/A       100%        4
 Arcjolt                  Conj/Air       0%         1d10      100%        5
 Metabolic Englaciation   Hex/Ice        0%         N/A       100%        5
 Plasma Beam              Fire/Air       0%         2x1d11    100%        5
 Simulacrum               Ice/Necr       0%         N/A       100%        6
 Orb of Destruction       Conj           0%         9d5       100%        7
 Spellforged Servitor     Conj/Summ      0%         N/A       100%        7


Dungeon Overview and Level Annotations

Branches:
Dungeon (14/15)            Temple (1/1) D:6            Lair (0/5) D:8
    Orc (0/2) D:11        Ossuary (visited)
 Vaults: D:13-14

Altars:
Ashenzari
Cheibriados
Dithmenos
Elyvilon
Fedhas
Gozag
Hepliaklqana
Kikubaaqudgha
Makhleb
Nemelex Xobeh
Okawaru
Qazlal
Ru
Sif Muna
Trog
Uskayaw
Vehumet
Wu Jian
Xom
Yredelemnul
Zin
The Shining One

Shops:
D:1 =   D:9 *((   D:12 =

Annotations:
D:12 1 runed translucent door, Demosthentine's ghost, journeyman DsGl


Innate Abilities, Weirdness & Mutations

You have a pair of horns on your head.
You reflexively headbutt those who attack you in melee.
You are agile. (Dex +4, Str/Int -1)
You are strong-willed. (Will+)
Your natural rate of healing is unusually fast.
Your spells are a little harder to cast, but a little more powerful.


Message History

The centaur warrior wields a +0 shortbow.
The centaur warrior shoots an arrow.
You block the arrow.
As you read the scroll of teleportation, it crumbles to dust.
You feel strangely unstable. The golden eye blinks at you.
You easily resist.
The centaur warrior unwields a +0 shortbow.
The centaur warrior hits you.
* * * LOW HITPOINT WARNING * * *
The centaur warrior kicks you.
* * * LOW HITPOINT WARNING * * *
A gargoyle comes into view. It is wielding a +0 mace.
You barely miss the centaur warrior. The golden eye blinks at you.
You easily resist.
The sphinx casts a spell.
You easily resist.
The centaur warrior shoots an arrow.
The arrow closely misses you.
The centaur warrior wields a +0 longbow.
The centaur warrior shoots an arrow.
The arrow closely misses you.
The golden eye blinks!
The centaur warrior hits you!
* * * LOW HITPOINT WARNING * * *
You block the centaur warrior's attack.
Blink to where?
Press: ? - help, Dir - move target A skeletal warrior and a cyclops come into view.
As you read the scroll of blinking, it crumbles to dust.
The cyclops shouts! x2
The centaur warrior shoots an arrow.
The arrow hits you!
* * * LOW HITPOINT WARNING * * *
The deep elf pyromancer gestures wildly while chanting.
The deep elf pyromancer blinks!
The centaur warrior shoots an arrow.
You block the arrow.
The centaur warrior shoots an arrow.
The arrow completely misses you.
You feel better.
The golden eye changes into a tengu!
The gargoyle hurls a stone arrow at you.
You block the stone arrow.
A tengu conjurer comes into view.
The centaur warrior shoots an arrow.
The arrow hits you!!
You die...

#...##..........##
#..#..........##
#.##...#.....<..## #..
#...#Q.....#####
#.<###...##)..#.....
#...###...........##
#.....C..##########
#.Q.....### # ##..@C.....##
# #....z.......# #.
)############.............#
...
().)).....##..§.....>.....#
.##
.)))e.....##cc.9....#######
e#''####..§.cH......# .#...
###........### #../.
##.........#
#.....#........###


You could see a sphinx, a skeletal warrior, 3 centaur warriors, 2 cyclopes, a
tengu conjurer, a gargoyle and a tengu shaped shifter.

Vanquished Creatures
  A frost giant (D:14)
  A fire giant (D:14)
  An ironbound preserver (D:14)
  Erolcha (D:10)
  6 centaur warriors
  A death knight (D:14)
  2 two-headed ogres
  Lodul (D:10)
  3 deep elf pyromancers (D:14)
  2 manticores (D:14)
  6 ugly things (D:14)
  3 cyclopes
  A black mamba (shapeshifter) (D:13)
  Joseph (D:7)
  2 gargoyles (D:14)
  2 unseen horrors
  An efreet (D:13)
  5 kobold demonologists
  A komodo dragon (D:8)
  A queen bee (D:12)
  2 trolls
  3 meliai (D:12)
  Prince Ribbit (D:5)
  A hornet (D:8)
  2 slime creatures (D:14)
  A shadow (D:10)
  4 wraiths
  A vampire (D:12)
  27 yaks
  A steam dragon (D:8)
  A basilisk (D:13)
  7 vampire mosquitoes
  Menkaure (Ossuary)
  4 acid dragons
  A water moccasin (D:6)
  4 orc warriors
  A sky beast (shapeshifter) (D:14)
  8 ogres
  A black bear (D:8)
  11 centaurs
  6 kobold brigands
  4 bullfrogs
  3 gnoll sergeants
  2 scorpions
  A wight (D:4)
  21 killer bees
  3 howler monkeys
  6 orc priests
  A jelly (D:4)
  A gnoll bouda (D:8)
  5 hounds
  6 sleepcaps
  5 iguanas
  Ijyb (D:4)
  16 orc wizards
  3 mummies (Ossuary)
  6 adders
  15 gnolls
  A shadow imp (D:7)
  A worm (D:2)
  2 dart slugs
  40 orcs
  4 bats
  4 endoplasms
  A giant cockroach (D:2)
  5 gnoll zombies (Ossuary)
  5 hobgoblins
  4 jackals (D:1)
  2 quokkas
  8 ball pythons
  7 frilled lizards
  3 gnoll skeletons (Ossuary)
  11 goblins
  5 goblin skeletons (Ossuary)
  5 goblin zombies (Ossuary)
  5 hobgoblin skeletons (Ossuary)
  2 hobgoblin zombies (Ossuary)
  33 kobolds
  5 kobold skeletons (Ossuary)
  3 kobold zombies (Ossuary)
  3 orc skeletons (Ossuary)
  3 orc zombies (Ossuary)
  2 rats (D:2)
  4 rat skeletons (Ossuary)
  7 rat zombies (Ossuary)
404 creatures vanquished.

Vanquished Creatures (others)
  44 plants
44 creatures vanquished.

Grand Total: 448 creatures vanquished

Notes
Turn   | Place    | Note
-------+----------+-------------------------------------------
     0 | D:1      | arthad the Minotaur Fighter began the quest for the Orb.
     0 | D:1      | Reached XP level 1. HP: 19/19 MP: 0/0
   156 | D:1      | Reached XP level 2. HP: 27/27 MP: 1/1
   299 | D:1      | Found Pobiem's Jewellery Emporium.
   336 | D:1      | Reached skill level 3 in Axes
   766 | D:2      | Reached skill level 1 in Dodging
   769 | D:2      | Reached XP level 3. HP: 33/33 MP: 2/2
  1637 | D:3      | Found an ancient bone altar of Kikubaaqudgha.
  1652 | D:3      | Found a basalt altar of Yredelemnul.
  2496 | D:4      | Reached XP level 4. HP: 24/40 MP: 3/3
  2671 | D:4      | Reached skill level 4 in Axes
  2671 | D:4      | Reached XP level 5. HP: 36/46 MP: 4/4
  3056 | D:4      | Identified the +0 leather armour of Sif Muna {+Inv rF+}
  3212 | D:4      | Noticed Ijyb
  3225 | D:4      | Killed Ijyb
  3337 | D:4      | Reached XP level 6. HP: 52/53 MP: 5/5
  3358 | D:4      | Found a sparkling altar of Nemelex Xobeh.
  3358 | D:4      | Found a hide-covered altar of Uskayaw.
  3523 | D:4      | Reached skill level 5 in Axes
  3523 | D:4      | Reached skill level 5 in Shields
  3525 | D:4      | Reached skill level 5 in Fighting
  3947 | D:5      | Entered Level 5 of the Dungeon
  3983 | D:5      | Noticed Prince Ribbit
  3993 | D:5      | Killed Prince Ribbit
  3994 | D:5      | Reached skill level 6 in Axes
  3994 | D:5      | Reached skill level 5 in Armour
  3994 | D:5      | Reached XP level 7. HP: 29/61 MP: 6/6
  4120 | D:5      | Identified the +3 mace "Cagy" {drain, rC+ rN+ rCorr Int-2
                  | Dex+3}
  4319 | D:5      | Found a broken altar of Ashenzari.
  4857 | D:6      | Reached XP level 8. HP: 56/70 MP: 7/7
  4934 | D:6      | Reached skill level 7 in Axes
  5056 | D:6      | Found a staircase to the Ecumenical Temple.
  5130 | Temple   | Entered the Ecumenical Temple
  5324 | Temple   | Became a worshipper of Makhleb the Destroyer
  5748 | D:6      | Reached skill level 1 in Invocations
  6156 | D:6      | Gained mutation: Your natural rate of healing is unusually
                  | fast. [potion of mutation]
  6156 | D:6      | Gained mutation: You have hidden genetic potential. [potion
                  | of mutation]
  6156 | D:6      | Gained mutation: Your spells are a little harder to cast,
                  | but a little more powerful. [potion of mutation]
  6357 | D:7      | Reached skill level 8 in Axes
  6593 | D:7      | Noticed Joseph
  6610 | D:7      | Killed Joseph
  6611 | D:7      | Reached XP level 9. HP: 60/78 MP: 9/9
  6654 | D:7      | Reached skill level 5 in Dodging
  6676 | D:7      | Found a shimmering blue altar of Sif Muna.
  6888 | D:7      | Found a shadowy altar of Dithmenos.
  6897 | D:7      | Found an iron altar of Okawaru.
  7087 | D:8      | Identified a scroll of acquirement
  7088 | D:8      | Acquired the scarf "Givep" {shadows, rF+ rCorr Str+3 Dex+2}
  7103 | D:8      | Found a sand-covered staircase.
  7110 | Ossuary  | Entered an ossuary
  7154 | Ossuary  | Reached * piety under Makhleb
  7352 | Ossuary  | Reached ** piety under Makhleb
  7385 | Ossuary  | Noticed Menkaure
  7391 | Ossuary  | Killed Menkaure
  7404 | Ossuary  | Gained mutation: You are strong-willed. (Will+) [hidden
                  | potential]
  7469 | D:8      | Acquired the +1 pair of boots of Lachrymose Lucidity
                  | {Rampage +Blink Int+3 Dex+5}
  7488 | D:8      | Paralysed by a hornet for 3 turns
  7498 | D:8      | Reached skill level 9 in Axes
  7612 | D:8      | Found a staircase to the Lair.
  7874 | D:8      | Reached *** piety under Makhleb
  7968 | D:8      | Noticed a komodo dragon
  7976 | D:8      | Killed a komodo dragon
  8453 | D:9      | Found Sodem's Weapon Shoppe.
  8476 | D:9      | Found Acaca's Weapon Boutique.
  8477 | D:9      | Noticed a troll
  8486 | D:9      | Killed a troll
  8561 | D:9      | Found an ornate altar of the Wu Jian Council.
  8584 | D:9      | Reached XP level 10. HP: 88/88 MP: 11/11
  8601 | D:9      | Found an opulent altar of Gozag.
  8606 | D:9      | Found Halabiug's General Store.
  8628 | D:9      | Reached skill level 10 in Axes
  8664 | D:9      | Gained mutation: You are agile. (Dex +4, Str/Int -1)
                  | [hidden potential]
  8664 | D:9      | Lost mutation: You have hidden genetic potential. [hidden
                  | potential expressed]
  9022 | D:9      | Identified the +6 trident "Xasmowy" {freeze, Dex+3}
  9271 | D:9      | Found a glowing golden altar of the Shining One.
  9308 | D:9      | Found the +7 sceptre of Torment {pain, torment}
  9330 | D:9      | Reached **** piety under Makhleb
  9371 | D:9      | Identified the orb of Deam {guile, rC++ Dex+5}
  9390 | D:9      | Reached skill level 11 in Axes
  9543 | D:10     | Entered Level 10 of the Dungeon
  9672 | D:10     | Noticed Erolcha
  9689 | D:10     | Killed Erolcha
  9690 | D:10     | Reached skill level 5 in Invocations
  9690 | D:10     | Reached XP level 11. HP: 48/95 MP: 13/13
 10107 | D:10     | Noticed Lodul
 10112 | D:10     | Killed Lodul
 10113 | D:10     | Reached skill level 12 in Axes
 10202 | D:10     | Noticed a two-headed ogre
 10206 | D:10     | Killed a two-headed ogre
 10440 | D:11     | Noticed a two-headed ogre
 10441 | D:11     | Found a staircase to the Orcish Mines.
 10443 | D:11     | Killed a two-headed ogre
 10480 | D:11     | Reached ***** piety under Makhleb
 10482 | D:11     | Noticed a sixfirhy
 11373 | D:12     | Found a runed translucent door.
 11375 | D:12     | Noticed Demosthentine's ghost (journeyman DsGl)
 11731 | D:12     | Reached skill level 13 in Axes
 11743 | D:12     | Reached skill level 10 in Shields
 11743 | D:12     | Reached XP level 12. HP: 34/106 MP: 15/15
 11896 | D:12     | Reached skill level 10 in Fighting
 11936 | D:12     | Found Xamaesch's Jewellery Shop.
 12237 | D:12     | Identified the +1 trident of the Ageless Suns {spect, Int-5
                  | Dex+5}
 12277 | D:13     | Reached skill level 10 in Armour
 12314 | D:13     | Noticed a centaur warrior
 12315 | D:13     | Noticed a centaur warrior
 12326 | D:13     | Killed a centaur warrior
 12329 | D:13     | Killed a centaur warrior
 12394 | D:13     | Noticed a centaur warrior
 12399 | D:13     | Killed a centaur warrior
 12877 | D:14     | Noticed a fire giant
 12877 | D:14     | Noticed a rakshasa
 12879 | D:14     | Noticed a frost giant
 12882 | D:14     | Killed a fire giant
 12883 | D:14     | Reached skill level 14 in Axes
 12949 | D:14     | Noticed a death knight
 12963 | D:14     | Killed a death knight
 13050 | D:14     | Noticed a centaur warrior
 13050 | D:14     | Noticed an ironbound preserver
 13058 | D:14     | Killed an ironbound preserver
 13061 | D:14     | Killed a centaur warrior
 13077 | D:14     | Reached XP level 13. HP: 101/116 MP: 17/17
 13088 | D:14     | Killed a frost giant
 13088 | D:14     | Reached ****** piety under Makhleb
 13099 | D:14     | Noticed a sphinx
 13103 | D:14     | Shot with an arrow by a centaur warrior

Illustrated notes

Levels and vault maps discovered:
D:1:      dpeg_arrival_boxorama, layout_basic, serial_shops, shop
D:2:      layout_loops_corners
D:3:      layout_basic, yredelemnul_altar_generic, overflow_temple_1_default,
          wander_ebering_terrifying_dragon_lair
D:4:      layout_layer_cave, nicolae_overflow_two_pavilions, minmay_small_thing,
          uniq_ijyb
D:5:      layout_cave_pools, mainiacjoe_overflow_cross_hatched,
          nicolae_hexahallways, kennysheep_path_1, uniq_prince_ribbit1
D:6:      layout_basic, minmay_temple_entry_poolview, hangedman_decor_opposing,
          serial_bayou_lagoon_a
D:7:      layout_loops_ring, gammafunk_temple_overflow_claw, uniq_joseph
D:8:      layout_basic, lair_entry_dummy, nicolae_ossuary_entry_monument,
          minmay_lizard_king
D:9:      layout_grid_maze, mainiacjoe_overflow_alcove_1,
          nicolae_gozag_seed_capital, mainiacjoe_overflow_brackets,
          serial_shops, nicolae_shop_bloodbath_and_beyond, shop,
          nicolae_shop_window_shopping, minmay_door_square
D:10:     layout_basic, uniq_lodul, uniq_erolcha
D:11:     layout_basic, orc_0_dummy, st_stairs_6
D:12:     layout_long_grid, ebering_ghost_funeral_grove, serial_shops,
          nicolae_shop_statue_plus, minivault_7
D:13:     layout_cave_pools, minmay_fountain_box, grunt_ministairs_5
D:14:     layout_cave_pods, skrybe_vaults_entry_preservation,
          nicolae_rejected_hall
Temple:   bh_familiar_temple

Skill      XL: |  1  2  3  4  5  6  7  8  9 10 11 12 13 |
---------------+----------------------------------------+-----
Axes           | 3 4 6 8 9 11 13 14 | 14.9
Dodging        | 1 2 3 4 5 7 8 9 |  9.6
Shields        | 4 5 6 7 8 10 11 | 11.3
Armour         | 4 5 6 7 8 9 10 11 | 11.1
Fighting       | 4 5 6 7 8 9 11 | 11.3
Invocations    | 2 3 5 6 7 |  7.9

Action                     |  1- 3 |  4- 6 |  7- 9 | 10-12 | 13-15 || total
---------------------------+-------+-------+-------+-------+-------++-------
  Melee: War axe           |    92 |    74 |   345 |    85 |       ||   596
         Headbutt          |    17 |     9 |    68 |    85 |     3 ||   182
         Eveningstar       |       |       |       |   287 |    10 ||   297
  Evoke: Wand              |       |       |       |     6 |       ||     6
    Use: Potion            |       |     2 |     4 |     1 |     3 ||    10
         Scroll            |       |       |     8 |     2 |     3 ||    13
 Armour: Scale mail        |    46 |    33 |    88 |   117 |     7 ||   291
  Dodge: Dodged            |    43 |    37 |   162 |   242 |    12 ||   496
  Block: Buckler           |    15 |    17 |       |       |       ||    32
         Kite shield       |       |     5 |   158 |   278 |    21 ||   462

Table legend: (Time is in decaauts)
 A = Elapsed time spent in this place.
 B = Non-inter-level travel time spent in this place.
 C = Inter-level travel time spent in this place.
 D = Time resting spent in this place.
 E = Time spent auto-exploring this place.
 F = Levels seen in this place.
 G = Mean time per level.
                   A        B        C        D        E       F      G
               +--------+--------+--------+--------+--------+-----+--------+
         Total |  13331 |  12861 |    470 |    513 |  10247 |  16 |  833.2 |
       Dungeon |  12750 |  12308 |    442 |    513 |   9895 |  14 |  910.7 |
        Temple |    205 |    177 |     28 |      0 |    171 |   1 |  205.0 |
       Ossuary |    375 |    375 |      0 |      0 |    181 |   1 |  375.0 |
               +--------+--------+--------+--------+--------+-----+--------+

Top non-repeatable levels by time:
     D:4: 1481 daAuts
     D:6: 1313 daAuts
     D:9: 1136 daAuts
    D:12: 1094 daAuts
     D:8: 994 daAuts
     D:3: 933 daAuts
     D:5: 902 daAuts
     D:2: 888 daAuts
    D:10: 849 daAuts
    D:11: 826 daAuts
     D:7: 775 daAuts
     D:1: 700 daAuts
    D:13: 537 daAuts
 Ossuary: 375 daAuts
    D:14: 315 daAuts
